 Dungeon Crawl Stone Soup version 0.23-a0-449-g8e4cbf7 (webtiles) character file.

459 galech the Shield-Bearer (level 6, -7/48 HPs)
             Began as a Demonspawn Fighter on Nov 21, 2018.
             Killed by nerve-wracking pain
             ... invoked by an orc priest
              (14 damage)
             ... on level 4 of the Dungeon.
             The game lasted 00:04:11 (3232 turns).

galech the Shield-Bearer (Demonspawn Fighter)       Turns: 3232, Time: 00:04:12

Health: -7/48      AC:  9    Str: 16    XL:     6   Next: 78%
Magic:  6/6        EV:  6    Int: 10    God:
Gold:   235        SH:  0    Dex: 14    Spells: 5/5 levels left

rFire    . . .     SeeInvis .   a - +0 war axe
rCold    + . .     Gourm    .   k - +1 large shield
rNeg     . . .     Faith    .   o - +1 ring mail {rC+}
rPois    .         Spirit   .   (no helmet)
rElec    .         Reflect  .   (no cloak)
rCorr    .         Harm     .   (no gloves)
MR       .....     Rnd*Tele +   (no boots)
Stlth    ..........             (no amulet)
HPRegen  0.16/turn              r - ring of teleportation (curse)
MPRegen  0.10/turn              (no ring)

@: confused, drained
A: slimy green scales 2
a: no special abilities


You were on level 4 of the Dungeon.
You were not hungry.

You visited 1 branch of the dungeon, and saw 4 of its levels.

You collected 235 gold pieces.

Inventory:

Hand Weapons
 a - a +0 war axe (weapon)
Armour
 k - a +1 large shield (worn)
 l - a +0 chain mail
 o - a +1 ring mail of cold resistance (worn)
Jewellery
 r - a cursed ring of teleportation (left hand)
Scrolls
 i - 2 scrolls of fog
 n - 2 scrolls of teleportation
Potions
 b - a potion of brilliance {unknown}
 c - a potion of agility {unknown}
 d - 2 potions of might
 e - 3 potions of ambrosia {unknown}
 h - a potion of flight {unknown}
 j - a potion of berserk rage {unknown}
 m - 2 potions of lignification {unknown}
 p - 2 potions of degeneration {unknown}
 t - a potion of heal wounds {unknown}
Comestibles
 f - 6 rations
 g - 3 chunks of flesh


   Skills:
 + Level 3.9(3.4) Fighting
 + Level 4.3(3.8) Axes
 + Level 3.6(3.1) Armour
 + Level 1.1(0.6) Dodging
 + Level 0.1(0.0) Stealth
 + Level 4.3(3.8) Shields


You had 5 spell levels left.
You didn't know any spells.
Your spell library contained the following spells:

 Spells                   Type           Power        Failure   Level  Hunger
 Confusing Touch          Hex            #.....       100%        1    ##.....
 Confuse                  Hex            #.......     100%        3    ####...
 Gell's Gravitas          Tloc           #.........   100%        3    ####...
 Petrify                  Tmut/Erth      #.......     100%        4    #####..
 Metabolic Englaciation   Hex/Ice        #.........   100%        5    ######.
 Yara's Violent Unravell  Hex/Tmut       #.........   100%        5    ######.


Dungeon Overview and Level Annotations

Branches:
Dungeon (4/15)
 Temple: D:4-7

Altars:
Makhleb
Uskayaw


Innate Abilities, Weirdness & Mutations

You are mostly covered in slimy green scales. (AC +3)


Message History

The orc wizard casts a spell at you. The magic dart hits you!
The orc wizard barely misses you.
The orc wizard hits you but does no damage.
The orc priest invokes the aid of Beogh against you.
Beogh smites you!
* * * LOW HITPOINT WARNING * * *
The orc wizard gestures at you while chanting.
The magic dart hits you!
* * * LOW HITPOINT WARNING * * *
You hit the orc wizard.
The orc wizard is lightly wounded.
Your shield prevents you from hitting the orc priest.
Your shield prevents you from hitting the orc wizard.
The orc wizard points at you and mumbles some strange words.
The puff of frost misses you.
The orc wizard hits you with a +0 dagger.
* * * LOW HITPOINT WARNING * * *
The orc priest mumbles some strange prayers to Beogh against you.
Pain shoots through your body!
You die...

... ... .....
... ..<.. ...
...... ..
...... ..
......#######
..
#.........#
..
#.........#
..
#....@....#
..
#...ooo...#
#.........#
#.........+
#.........#
#.........#
......###+##
...... ......


You could see an orc priest and 2 orc wizards.

Vanquished Creatures
  2 ogres (D:4)
  A hound (D:2)
  Natasha (thrice) (D:2)
  An orc wizard (D:3)
  A worker ant (D:4)
  4 adders
  An ooze (D:1)
  2 worms
  3 dart slugs
  2 leopard geckos
  5 orcs (D:3)
  6 bats
  6 giant cockroaches
  9 goblins
  3 hobgoblins
  6 jackals
  13 kobolds
  A quokka (D:3)
  A ball python (D:2)
  3 frilled lizards
  12 rats
85 creatures vanquished.

Notes
Turn   | Place    | Note
-------+----------+-------------------------------------------
     0 | D:1      | galech the Demonspawn Fighter began the quest for the Orb.
     0 | D:1      | Reached XP level 1. HP: 18/18 MP: 1/1
   113 | D:1      | Gained mutation: You are partially covered in slimy green
                  | scales. (AC +2) [demonic ancestry]
   113 | D:1      | Reached XP level 2. HP: 16/24 MP: 2/2
   484 | D:1      | Gained mutation: You are mostly covered in slimy green
                  | scales. (AC +3) [demonic ancestry]
   484 | D:1      | Reached XP level 3. HP: 29/29 MP: 3/3
   954 | D:2      | Reached XP level 4. HP: 25/35 MP: 4/4
  1059 | D:2      | Found a burning altar of Makhleb.
  1133 | D:2      | Noticed Natasha
  1147 | D:2      | Killed Natasha
  1448 | D:2      | Noticed Natasha
  1474 | D:2      | Killed Natasha
  1474 | D:2      | Reached XP level 5. HP: 25/41 MP: 5/5
  2097 | D:2      | Noticed Natasha
  2113 | D:2      | Killed Natasha
  3082 | D:3      | Reached XP level 6. HP: 46/48 MP: 6/6
  3165 | D:3      | Found a hide-covered altar of Uskayaw.
  3205 | D:4      | Reached skill level 1 in Dodging
  3232 | D:4      | Killed from afar by an orc priest

Vault maps used:
D:1:      minmay_arrival_widening_spiral_wide, minmay_misc_feat_columns,
          serial_bayou_pond_d, columned_hall_lemuel, hangedman_decor_riveting
D:2:      makhleb_blood_cavern_becter, minmay_hedge_maze, minmay_quadrilaterals,
          uniq_natasha
D:3:      corexii_shack_village, lemuel_doored_altar, grunt_decor_mini_mirrors
D:4:      kiku_gazebo_pond_becter, first_ration

Skill      XL: |  1  2  3  4  5  6 |
---------------+-------------------+-----
Armour         | 3 |  3.6
Axes           | 2 3 4 |  4.3
Shields        | 3 4 |  4.3
Dodging        | 1 |  1.1
Fighting       | |  3.9
Stealth        | |  0.1

Action                   |  1- 3 |  4- 6 || total
-------------------------+-------+-------++-------
Melee: War axe           |   131 |   280 ||   411
  Use: Scroll            |       |     5 ||     5
       Potion            |       |     1 ||     1
  Eat: Chunk             |       |     9 ||     9
Armor: Scale mail        |    24 |       ||    24
       Chain mail        |    43 |   120 ||   163
       Ring mail         |       |    25 ||    25
Dodge: Dodged            |    25 |    22 ||    47
Block: Shield            |    24 |       ||    24
       Large shield      |    69 |   218 ||   287

Table legend:
 A = Non-vault XP
 B = Vault XP
 C = Vault XP percentage of total XP
 D = Non-vault monster count
 E = Vault monster count
 F = Vault count percentage of total count
                 A         B        C        D         E       F
            +---------+---------+-------+---------+---------+-------
      Total |     553 |     103 |  15.7 |      72 |      13 |  15.3
            +---------+---------+-------+---------+---------+-------
        D:1 |      47 |       0 |   0.0 |      23 |       0 |   0.0
        D:2 |     141 |      95 |  40.3 |      24 |       8 |  25.0
        D:3 |      91 |       8 |   8.1 |      22 |       5 |  18.5
        D:4 |     274 |       0 |   0.0 |       3 |       0 |   0.0
            +---------+---------+-------+---------+---------+-------
